 Dungeon Crawl Stone Soup version 0.30-a0-772-g5528072125 (webtiles) character file.

Game seed: 16562680630355694414

806 Flugslaktarn the Chopper (level 7, -1/63 HPs)
             Began as a Minotaur Fighter on Feb 12, 2023.
             Was a Follower of Cheibriados.
             Slain by an ogre
             ... wielding a +0 giant spiked club
              (11 damage)
             ... on level 5 of the Dungeon.
             The game lasted 00:02:23 (3100 turns).

Flugslaktarn the Chopper (Minotaur Fighter)         Turns: 3100, Time: 00:02:24

Health: -1/63      AC: 22    Str: 25    XL:     7   Next: 60%
Magic:  7/7        EV:  6    Int:  4    God:    Cheibriados [*.....]
Gold:   240        SH:  6    Dex: 13    Spells: 6/6 levels left

rFire   . . .      SeeInvis .    a - +0 war axe
rCold   . . .      Faith    .    c - +1 buckler
rNeg    + + +      Spirit   .    s - +10 plate armour of Ynitibb {+Inv rPois rN++ Int-4}
rPois   +          Reflect  .    (helmet restricted)
rElec   .          Harm     .    (no cloak)
rCorr   .          Rampage  .    (no gloves)
Will    .....                    (no boots) Stlth
                                 i - amulet of the acrobat
HPRegen 0.30/turn                p - ring of positive energy
MPRegen 0.10/turn                (no ring)

@: weakened, very slow
A: horns 2, retaliatory headbutt
a: Renounce Religion, Evoke Invisibility, Bend Time


You were on level 5 of the Dungeon.
You worshipped Cheibriados.
Cheibriados was aware of your devotion.
You visited 2 branches of the dungeon, and saw 6 of its levels.

You collected 240 gold pieces.

Inventory:

Hand Weapons
 a - a +0 war axe (weapon)
Missiles
 n - 2 throwing nets (quivered)
Armour
 c - a +1 buckler (worn)
 s - the +10 plate armour of Ynitibb (worn) {+Inv rPois rN++ Int-4}
   (You found it on level 3 of the Dungeon)

   Int:       It affects your intelligence (-4).
   rPois:     It protects you from poison.
   rN:        It greatly protects you from negative energy.
   +Inv:      It lets you turn invisible.
Jewellery
 i - an amulet of the acrobat (around neck)
   (You found it on level 1 of the Dungeon)
 p - a ring of positive energy (left hand)
   (You found it on level 3 of the Dungeon)
Wands
 h - a wand of iceblast (10)
   (You found it on level 3 of the Dungeon)
 x - a wand of quicksilver (2)
   (You took it off Robin on level 4 of the Dungeon)
Scrolls
 b - a scroll of enchant armour
 f - 4 scrolls of poison
 k - a scroll of enchant weapon
 l - a scroll of magic mapping
 t - 2 scrolls of teleportation
 u - 3 scrolls of amnesia
 v - a scroll of silence
Potions
 e - a potion of magic {unknown}
 j - a potion of lignification {unknown}
 m - a potion of haste {unknown}
 q - a potion of mutation {unknown}


   Skills:
 + Level 6.1 Fighting
 * Level 7.4 Axes
 + Level 6.0 Armour
 - Level 3.6 Shields
 + Level 1.9 Invocations


You had 6 spell levels left.
You didn't know any spells.
Your spell library was empty.

Dungeon Overview and Level Annotations

Branches:
Dungeon (5/15)             Temple (1/1) D:4

Altars:
Ashenzari
Cheibriados
Elyvilon
Fedhas
Kikubaaqudgha
Makhleb
Nemelex Xobeh
Okawaru
Qazlal
Ru
Sif Muna
Trog
Uskayaw
Vehumet
Wu Jian
Xom
Yredelemnul
Zin
The Shining One


Innate Abilities, Weirdness & Mutations

You have a pair of horns on your head.
You reflexively headbutt those who attack you in melee.


Message History

A gnoll comes into view. It is wielding a +0 whip.
You block the centaur's attack.
The centaur kicks you but does no damage.
The gnoll shouts!
You slash the centaur!
The centaur is almost dead.
You block the centaur's attack.
The centaur kicks you but does no damage.
You hit the centaur but do no damage.
You headbutt the centaur, but do no damage.
The centaur is almost dead.
The centaur completely misses you. You block the centaur's attack.
The centaur hits you but does no damage.
The centaur kicks you but does no damage.
You completely miss the centaur.
The centaur is almost dead.
You block the centaur's attack.
The centaur kicks you but does no damage.
The gnoll hits you from afar with a +0 halberd!
The centaur hits you but does no damage.
You block the centaur's attack.
You hit the centaur.
You kill the centaur!
Cheibriados thoroughly appreciates the change of pace.
Your attacks no longer feel as feeble.
The gnoll hits you from afar with a +2 halberd of venom.
You are poisoned.
Your Fighting skill increases to level 6!
Your Armour skill increases to level 6!
You hit the gnoll. You headbutt the gnoll!
The gnoll is almost dead.
You feel very sick. The gnoll hits you but does no damage.
You closely miss the gnoll.
The gnoll is almost dead.
You slash the gnoll!
You kill the gnoll!
Cheibriados appreciates the change of pace.
You feel sick. The gnoll hits you but does no damage.
The gnoll bouda gazes fiercely through you!
You feel your attacks grow feeble. The gnoll hits you but does no damage.
You barely miss the gnoll. You headbutt the gnoll.
You kill the gnoll!
Cheibriados thoroughly appreciates the change of pace.
You completely miss the gnoll.
You hit the gnoll bouda but do no damage.
You feel sick.
The gnoll bouda hits you but does no damage.
The gnoll hits you but does no damage. x2
The gnoll hits you from afar with a +2 halberd of venom!
The gnoll bouda gazes fiercely through you!
You feel as though you will be weak longer.
The gnoll bouda hits you but does no damage.
The gnoll hits you but does no damage.
You closely miss the gnoll bouda. You closely miss the gnoll.
You feel sick. The gnoll barely misses you. You furiously retaliate!
You headbutt the gnoll. You block the gnoll's attack.
The gnoll bouda barely misses you.
You closely miss the gnoll. You headbutt the gnoll!
The gnoll is almost dead.
You hit the gnoll bouda but do no damage.
You feel sick. The gnoll completely misses you.
The gnoll hits you from afar with a +2 halberd of venom!
You are more poisoned.
The gnoll bouda hits you with a +0 club.
You slash the gnoll!
You kill the gnoll!
Cheibriados appreciates the change of pace.
You hit the gnoll bouda.
You feel very sick. The gnoll hits you but does no damage.
You are more poisoned.
The gnoll bouda hits you but does no damage.
You are too injured to fight recklessly!
You are too injured to fight recklessly!
You are too injured to fight recklessly!
You are too injured to fight recklessly!
You are too injured to fight recklessly!
You are too injured to fight recklessly!
You are too injured to fight recklessly!
You are too injured to fight recklessly!
You are too injured to fight recklessly!
You are too injured to fight recklessly!
You are too injured to fight recklessly!
You are too injured to fight recklessly!
The ogre attacks as you move away!
The ogre hits you with a +0 giant spiked club!
* * * LOW HITPOINT WARNING * * *
The gnoll bouda attacks as you move away!
The gnoll bouda hits you but does no damage.
* * * LOW HITPOINT WARNING * * *
You feel very sick.
The gnoll bouda barks out a call to the hunt!
The gnoll picks up the pace!
Unknown command.
Okay, then.
Okay, then.
It was a potion of curing.
You feel better.
The ogre hits you with a +0 giant spiked club!
You die...

#.......#
+.......#
#.......+
#.......#
#.......#
#.....[.#######
###+#.)....$..#
#.........#
#.##@##...#
#.#.Og# ..#
#..)♣g# ## ###.
..# ## ..# ...
.... .>.♣.
......


You could see an ogre, a gnoll bouda and a gnoll (swift).

Vanquished Creatures
  Edmund (D:4)
  2 black bears (D:4)
  A centaur (D:5)
  A scorpion (D:5)
  2 hounds (D:4)
  Jessica (D:3)
  2 orc wizards (D:4)
  Robin (D:4)
  4 gnolls
  8 adders
  A worm (D:4)
  7 orcs (D:4)
  3 bats
  10 endoplasms
  2 giant cockroaches (D:4)
  18 goblins
  12 hobgoblins
  5 jackals
  2 quokkas
  10 ball pythons
  6 frilled lizards
  6 kobolds
  8 rats
113 creatures vanquished.

Vanquished Creatures (others)
  A fungus (D:3)
1 creature vanquished.

Grand Total: 114 creatures vanquished

Notes
Turn   | Place    | Note
-------+----------+-------------------------------------------
     0 | D:1      | Flugslaktarn the Minotaur Fighter began the quest for the
                  | Orb.
     0 | D:1      | Reached XP level 1. HP: 19/19 MP: 0/0
    36 | D:1      | You fall into a shaft and drop 1 floor!
    68 | D:2      | Reached skill level 3 in Axes
    68 | D:2      | Reached XP level 2. HP: 17/27 MP: 1/1
   165 | D:1      | Reached XP level 3. HP: 10/33 MP: 2/2
   562 | D:1      | Reached skill level 4 in Axes
   862 | D:2      | Reached XP level 4. HP: 33/40 MP: 3/3
  1339 | D:3      | Identified the +10 plate armour of Ynitibb {+Inv rPois rN++
                  | Int-4}
  1343 | D:3      | Found a faded altar of an unknown god.
  1675 | D:3      | Noticed Jessica
  1685 | D:3      | Killed Jessica
  1686 | D:3      | Reached XP level 5. HP: 45/47 MP: 4/4
  1947 | D:4      | Noticed Edmund
  1960 | D:4      | Lost intelligence.
  1965 | D:4      | Killed Edmund
  1966 | D:4      | Reached skill level 5 in Fighting
  1966 | D:4      | Reached skill level 5 in Axes
  1966 | D:4      | Reached skill level 5 in Armour
  1966 | D:4      | Reached XP level 6. HP: 21/56 MP: 5/5
  2096 | D:4      | Found a staircase to the Ecumenical Temple.
  2109 | D:4      | Reached skill level 6 in Axes
  2160 | Temple   | Entered the Ecumenical Temple
  2471 | Temple   | Became a worshipper of Cheibriados the Contemplative
  2681 | D:4      | Reached XP level 7. HP: 62/62 MP: 6/6
  2823 | D:4      | Reached skill level 1 in Invocations
  2834 | D:4      | Noticed Robin
  2842 | D:4      | Reached * piety under Cheibriados
  2847 | D:4      | Killed Robin
  2914 | D:4      | Reached skill level 7 in Axes
  2981 | D:4      | Found an ornate altar of the Wu Jian Council.
  3065 | D:5      | Entered Level 5 of the Dungeon
  3100 | D:5      | Slain by an ogre

Illustrated notes

Levels and vault maps discovered:
D:1:      minmay_arrival_diagonal_passages, layout_rooms, serial_corexii_hall,
          corexii_hall_statues_deadend, chequers_hall_statues_wall_a
D:2:      layout_rooms
D:3:      layout_basic, dreamdust_ecumenical_altar_grove, uniq_jessica
D:4:      layout_cave_pools, marbit_many_paths, minmay_temple_entry_glass,
          kennysheep_small_square, uniq_robin, uniq_edmund
D:5:      layout_gridville, enter_ossuary_3, grunt_ministairs_13, uniq_menkaure
Temple:   dpeg_five_rooms_temple

Skill      XL: |  1  2  3  4  5  6  7 |
---------------+----------------------+-----
Axes           | 3 4 5 6 7 |  7.4
Armour         | 4 5 6 |  6.0
Fighting       | 4 5 6 |  6.1
Invocations    | 1 |  1.9
Shields        | |  3.6

Action                     |  1- 3 |  4- 6 |  7- 9 || total
---------------------------+-------+-------+-------++-------
  Melee: War axe           |    79 |    99 |    56 ||   234
         Headbutt          |     5 |    20 |    10 ||    35
    Use: Potion            |       |     2 |     1 ||     3
         Scroll            |       |       |     9 ||     9
 Armour: Scale mail        |    46 |     9 |       ||    55
         Plate armour      |       |    65 |    69 ||   134
  Dodge: Dodged            |    48 |    46 |    33 ||   127
  Block: Buckler           |    29 |    21 |    22 ||    72

Table legend: (Time is in decaauts)
 A = Elapsed time spent in this place.
 B = Non-inter-level travel time spent in this place.
 C = Inter-level travel time spent in this place.
 D = Time resting spent in this place.
 E = Time spent auto-exploring this place.
 F = Levels seen in this place.
 G = Mean time per level.
                   A        B        C        D        E       F      G
               +--------+--------+--------+--------+--------+-----+--------+
         Total |   3356 |   3088 |    268 |    137 |   2298 |   6 |  559.3 |
       Dungeon |   2982 |   2827 |    155 |    137 |   2051 |   5 |  596.4 |
        Temple |    373 |    260 |    113 |      0 |    247 |   1 |  373.0 |
               +--------+--------+--------+--------+--------+-----+--------+

Top non-repeatable levels by time:
     D:4: 961 daAuts
     D:3: 793 daAuts
     D:1: 700 daAuts
     D:2: 482 daAuts
  Temple: 373 daAuts
     D:5: 44 daAuts
